 Dungeon Crawl Stone Soup version 0.21-a0-507-ga8f6b7a (webtiles) character file.

98 slep the Skirmisher (level 4, -9/35 HPs)
             Began as a Demonspawn Monk on Nov 28, 2017.
             Killed by divine providence
             ... invoked by an orc priest
              (13 damage)
             ... on level 5 of the Dungeon.
             The game lasted 00:07:32 (1387 turns).

slep the Skirmisher (Demonspawn Monk)               Turns: 1387, Time: 00:07:32

Health: -9/35      AC:  8    Str: 12 (13) XL:     4   Next: 44%
Magic:  4/4        EV:  3    Int:  8 (11) God:
Gold:   50         SH:  7    Dex: 12 (15) Spells: 3/3 levels left

rFire    + . .     SeeInvis .   a - +0 spear
rCold    . . .     Gourm    .   f - +0 shield
rNeg     . . .     Faith    .   g - +0 chain mail
rPois    .         Spirit   .   (no helmet)
rElec    .         Reflect  .   (no cloak)
rCorr    .         Harm     .   (no gloves)
MR       .....                  (no boots)
Stlth    ..........             (no amulet)
HPRegen  0.11/turn              j - ring of wizardry
MPRegen  0.09/turn              r - ring of protection from fire

@: lethally poisoned (-9 -> -12)
A: talons 2
a: no special abilities


You were on level 5 of the Dungeon.
You were not hungry.

You visited 1 branch of the dungeon, and saw 5 of its levels.

You collected 50 gold pieces.

Inventory:

Hand Weapons
 a - a +0 spear (weapon)
Armour
 b - a +0 robe
 f - a +0 shield (worn)
 g - a +0 chain mail (worn)
Jewellery
 j - a ring of wizardry (left hand)
 r - a ring of protection from fire (right hand)
Scrolls
 e - 7 scrolls of teleportation {unknown}
 h - 3 scrolls of random uselessness {unknown}
 k - 2 scrolls of magic mapping {unknown}
 m - 3 scrolls of identify {unknown}
 p - 2 scrolls of blinking {unknown}
 q - a scroll of enchant weapon {unknown}
 s - a scroll of fear {unknown}
Potions
 n - a potion of degeneration
 o - a potion of curing
Comestibles
 c - 3 bread rations
 d - a meat ration
 i - 3 royal jellies
 l - a fruit


   Skills:
 + Level 3.5 Fighting
 + Level 3.4 Polearms
 + Level 1.1 Armour
 + Level 3.2 Dodging
 + Level 2.0 Stealth
 + Level 0.9 Shields


You had 3 spell levels left.
You didn't know any spells.

Dungeon Overview and Level Annotations

Branches:
Dungeon (5/15)
 Temple: D:4-7

Altars:

Annotations:
D:3 Sigmund
D:4 Grinder


Innate Abilities, Weirdness & Mutations

You have razor-sharp toenails.


Message History

The worker ant poisons you!
You feel sick.
The worker ant bites you but does no damage.
An orc priest and an orc wizard come into view.
You feel sick.
The orc wizard shouts!
The orc priest shouts!
You hear a shout! x2 3 orcs come into view.
The orc shouts!
A bullfrog comes into view.
You feel sick. The orc priest hits you with a club.
* * * LOW HITPOINT WARNING * * *
A crimson imp comes into view.
The bullfrog gives a loud, deep croak!
You hear a shout!
The worker ant bites you but does no damage.
You feel sick.
The crimson imp shouts!
The bullfrog hits you but does no damage.
The orc priest calls down the wrath of Beogh upon you.
Beogh smites you!
You die...

#.#..... #..F....###
#.#5......
#.#..o#.## #..
.o...# #
######.###.#..##.#
###.>...Fo.oo......#
.......@.a.Z....#
.##..#.#.5###...####
#.......a..........
#..#.#..#.#..####.#
#.##..#.#.......#
#.....(<.....?.##
####.#######.### #.#
...


You could see a bullfrog, 2 worker ants, an orc priest, an orc wizard, a quasit,
a crimson imp, an orc and a worker ant zombie.

Vanquished Creatures
  Robin (D:2)
  2 adders (D:2)
  An ooze (D:1)
  A worm (D:2)
  3 dart slugs
  A leopard gecko (D:1)
  2 orcs
  14 goblins
  8 hobgoblins
  3 kobolds
  6 bats
  4 frilled lizards
  A jackal skeleton (D:3)
  6 rats
53 creatures vanquished.

Notes
Turn   | Place    | Note
-------+----------+-------------------------------------------
     0 | D:1      | slep the Demonspawn Monk began the quest for the Orb.
     0 | D:1      | Reached XP level 1. HP: 18/18 MP: 1/1
   202 | D:1      | Gained mutation: You have sharp toenails. [demonic ancestry]
   202 | D:1      | Reached XP level 2. HP: 24/24 MP: 2/2
   586 | D:2      | Reached XP level 3. HP: 27/29 MP: 3/3
  1104 | D:2      | Noticed Robin
  1124 | D:2      | Gained mutation: You have razor-sharp toenails. [demonic ancestry]
  1124 | D:2      | Reached XP level 4. HP: 33/35 MP: 4/4
  1136 | D:2      | Killed Robin
  1136 | D:2      | Reached skill level 1 in Armour
  1329 | D:3      | Noticed Sigmund
  1358 | D:4      | Noticed Grinder
  1368 | D:5      | Entered Level 5 of the Dungeon
  1383 | D:5      | Noticed a bullfrog
  1387 | D:5      | Killed from afar by an orc priest

Vault maps used:
D:1:      dpeg_arrival_rooms_b
D:2:      uniq_robin
D:3:      cheibrodos_helix_gallery, overflow_temple_1_default, first_bread,
          uniq_ijyb, uniq_sigmund
D:4:      marbit_many_paths, kennysheep_little_box,
          minmay_temple_entry_junction, serial_shops, shop,
          kennysheep_pointless_box, uniq_grinder
D:5:      overflow_temple_1_default

Skill      XL: |  1  2  3  4 |
---------------+-------------+-----
Polearms       | 3 |  3.4
Dodging        | 3 |  3.2
Stealth        | 2 |  2.0
Armour         | 1 |  1.1
Fighting       | |  3.5
Shields        | |  0.9

Action                   |  1- 3 |  4- 6 || total
-------------------------+-------+-------++-------
Melee: Spear             |   136 |    67 ||   203
       Kick              |    21 |    19 ||    40
  Use: Potion            |     2 |     1 ||     3
 Stab: Sleeping          |     2 |       ||     2
  Eat: Chunk             |       |     2 ||     2
Armor: Robe              |     1 |       ||     1
       Chain mail        |    47 |    33 ||    80
Dodge: Dodged            |    27 |    10 ||    37
Block: Shield            |    43 |    14 ||    57

Table legend:
 A = Spawn XP
 B = Non-spawn XP
 C = Spawn XP percentage of total XP
 D = Spawn monster count
 E = Non-spawn monster count
 F = Spawn count percentage of total count
 G = Total turns spent on level
                    A         B        C        D         E        F      G
               +---------+---------+-------+---------+---------+-------+---------
         Total |       0 |     141 |   0.0 |       0 |      53 |   0.0 |  1387
               +---------+---------+-------+---------+---------+-------+---------
           D:1 |       0 |      39 |   0.0 |       0 |      20 |   0.0 |   801
           D:2 |       0 |      85 |   0.0 |       0 |      24 |   0.0 |   485
           D:3 |       0 |      14 |   0.0 |       0 |       8 |   0.0 |    69
           D:4 |       0 |       3 |   0.0 |       0 |       1 |   0.0 |    13
               +---------+---------+-------+---------+---------+-------+---------
